 Dungeon Crawl Stone Soup version 0.20.0-10-g0535bb4 (webtiles) character file.

13568 mike2R the Destroyer (level 11, -2/68 HPs)
             Began as a Deep Elf Conjurer on June 3, 2017.
             Was an Elder of Vehumet.
             Slain by a fire crab (6 damage)
             ... on level 3 of the Lair of Beasts on June 4, 2017.
             The game lasted 01:34:43 (15177 turns).

mike2R the Destroyer (Deep Elf Conjurer)           Turns: 15177, Time: 01:34:43

Health: -2/68      AC: 14    Str:  5    XL:     11   Next: 77%
Magic:  5/20       EV: 13    Int: 24    God:    Vehumet [****..]
Gold:   505        SH:  0    Dex: 15    Spells: 2/23 levels left

rFire    + . .     SeeInvis .   v - +8 dire flail (crush)
rCold    + . .     Gourm    .   (shield currently unavailable)
rNeg     . . .     Faith    .   A - +2 ring mail {rF+}
rPois    .         Spirit   .   G - +1 helmet
rElec    .         Reflect  .   S - +0 cloak
rCorr    +         Harm     .   h - +0 pair of gloves
MR       +....                  x - +0 pair of boots
Stlth    +.........             (no amulet)
Regen    0.3/turn               g - ring of protection from cold
MPRegen  0.2/turn               I - ring of resist corrosion

@: no status effects
A: low mp 1
a: Renounce Religion


You were on level 3 of the Lair of Beasts.
You worshipped Vehumet.
Vehumet was greatly pleased with you.
You were hungry.

You visited 3 branches of the dungeon, and saw 13 of its levels.

You collected 505 gold pieces.

Inventory:

Hand Weapons
 v - a +8 dire flail of crushing (weapon)
Missiles
 l - 8 javelins (quivered)
Armour
 h - a +0 pair of gloves (worn)
 x - a +0 pair of boots (worn)
 A - a +2 ring mail of fire resistance (worn)
 G - a +1 helmet (worn)
 S - a +0 cloak (worn)
Jewellery
 b - an uncursed amulet of faith {unknown}
 g - a ring of protection from cold (left hand)
 p - an uncursed ring of teleportation
 I - a ring of resist corrosion (right hand)
Wands
 n - a wand of flame (26/48)
 D - a wand of clouds (8/9)
 E - a wand of polymorph (9/24)
 K - a wand of confusion (24/48)
 U - a wand of digging (15/24)
 W - a wand of lightning (4/15)
Scrolls
 a - a scroll of blinking {unknown}
 f - a scroll of enchant armour {unknown}
 i - a scroll of magic mapping
 r - a scroll of brand weapon {unknown}
 y - a scroll of teleportation
 J - a scroll of amnesia {unknown}
 M - 3 scrolls of fear
 Q - a scroll of remove curse
Potions
 e - a potion of heal wounds
 j - a potion of flight {unknown}
 k - 3 potions of agility
 m - 2 potions of degeneration {unknown}
 o - 4 potions of curing
 q - a potion of invisibility
 s - a potion of berserk rage {unknown}
 w - a potion of mutation {unknown}
 z - a potion of ambrosia {unknown}
 C - 5 potions of lignification
 F - a potion of might {unknown}
 H - 2 potions of brilliance
 T - a potion of magic {unknown}
 X - a potion of haste {unknown}
Comestibles
 c - 8 bread rations
 d - 13 fruits
 t - 5 meat rations
 u - 6 royal jellies
 B - 2 chunks of flesh


   Skills:
 - Level 7.9 Fighting
 - Level 3.7 Maces & Flails
 - Level 5.2 Armour
 - Level 8.5 Dodging
 - Level 2.4 Stealth
 - Level 6.5 Spellcasting
 + Level 12.1 Conjurations
 - Level 6.0 Evocations


You had 2 spell levels left.
You knew the following spells:

 Your Spells              Type           Power        Failure   Level  Hunger
a - Magic Dart            Conj           ####         1%          1    None
b - Searing Ray           Conj           ######       1%          2    None
c - Dazzling Spray        Conj/Hex       #####.       2%          3    None
d - Iskenderun's Mystic   Conj           ######..     1%          4    ###....
e - Force Lance           Conj/Tloc      #####...     7%          4    ###....
f - Fulminant Prism       Conj/Hex       #####.....   7%          4    ###....
g - Mephitic Cloud        Conj/Pois/Air  ####....     4%          3    None


Dungeon Overview and Level Annotations

Branches:
Dungeon (9/15)             Temple (1/1) D:7            Lair (3/6) D:9
  Swamp: Lair:2-4    Shoals: Lair:2-4     Snake: Lair:2-4    Spider: Lair:2-4
    Orc: D:9-12

Altars:
Ashenzari
Cheibriados
Dithmenos
Elyvilon
Fedhas
Gozag
Hepliaklqana
Kikubaaqudgha
Makhleb
Nemelex Xobeh
Okawaru
Qazlal
Ru
Sif Muna
Trog
Uskayaw
Vehumet
Xom
Yredelemnul
Zin
The Shining One

Shops:
D:6 =


Innate Abilities, Weirdness & Mutations

Your magical capacity is low. (-10% MP)


Message History

The fire crab claws you but does no damage.
You hit the fire crab.
The fire crab is severely wounded.
You are engulfed in blazing flames.
You resist.
* * * LOW HITPOINT WARNING * * *
The fire crab misses you. The fire crab closely misses you.
Casting: Iskenderun's Mystic Blast
Confirm with . or Enter, or press ? or * to list all spells.
Aiming: Iskenderun's Mystic Blast
Press: ? - help, Shift-Dir - straight line, f/p - fire crab
Aim: a fire crab (severely wounded)
The orb of energy hits the fire crab.
The fire crab is almost dead.
The orb of energy explodes!
The mystic blast hits the fungus.
The fungus is heavily damaged.
You are feeling hungry.
The fire crab bites you!
* * * LOW HITPOINT WARNING * * *
You are engulfed in flames.
You resist.
You die...

#.....#........###
#................##
..................###
....................##
#....................#
#....###....<......P#
#...............P..P###
#........#...%........#
...[...#.##P#...@t....#
....#.#..#####.%.......#
.#.#####.# #............
.รท.P# ..#
#.$..P#..#....( .#.##
#.......####......
...### #....... #.....
.....# #........ .....
.....# ##P.##..> .....#


You could see a fire crab.

Vanquished Creatures
  The ghost of Vajrapani the Geomancer, a novice OgEE of Ashenzari (D:9)
  A catoblepas (Lair:2)
  Erica (D:8)
  The ghost of ballsack the Thaumaturge, a novice OpCj of Kikubaaqudgha (D:6)
  Maurice (D:9)
  A spiny frog (Lair:3)
  A hornet (D:9)
  The ghost of dvd the Chopper, an amateur GrBe of Trog (D:4)
  5 blink frogs (Lair:2)
  4 dream sheep (Lair:3)
  3 hippogriffs
  8 yaks
  A wraith (D:7)
  A wyvern (Lair:2)
  3 basilisks
  Eustachio (D:4)
  Menkaure (D:6)
  Edmund (D:4)
  A water moccasin (Lair:2)
  3 porcupines
  6 ice beasts
  4 orc warriors
  A sky beast (D:8)
  2 necrophages (D:9)
  2 phantoms
  4 ogres
  3 centaurs
  8 crocodiles
  9 bullfrogs
  A wyvern skeleton (D:9)
  2 water moccasin skeletons
  A scorpion (D:8)
  4 wights (D:7)
  A howler monkey (D:9)
  4 crimson imps
  A bullfrog zombie (D:7)
  A centaur zombie (D:6)
  2 quasits
  4 jellies
  A gnoll shaman (D:5)
  2 hounds
  6 orc priests
  A bullfrog skeleton (D:9)
  5 iguanas
  14 orc wizards
  6 worker ants
  2 killer bee zombies
  A howler monkey zombie (D:5)
  14 gnolls
  10 adders
  3 shadow imps
  2 oozes
  An adder zombie (D:5)
  3 worms
  A dart slug (D:2)
  4 leopard geckos
  41 orcs
  10 bats
  7 giant cockroaches
  3 goblins
  3 hobgoblins (D:1)
  18 jackals
  4 quokkas
  4 frilled lizards
  4 kobolds
  A quokka zombie (D:7)
  6 rats
  A fungus (Lair:2)
  A plant (Lair:2)
279 creatures vanquished.

Vanquished Creatures (others)
  49 fulminant prisms
  3 fungi
52 creatures vanquished.

Grand Total: 331 creatures vanquished

Notes
Turn   | Place    | Note
-------+----------+-------------------------------------------
     0 | D:1      | mike2R the Deep Elf Conjurer began the quest for the Orb.
     0 | D:1      | Reached XP level 1. HP: 10/10 MP: 6/6
   286 | D:1      | Reached XP level 2. HP: 15/15 MP: 2/8
   290 | D:1      | Learned a level 2 spell: Searing Ray
   866 | D:2      | Reached skill level 5 in Conjurations
   870 | D:2      | Reached XP level 3. HP: 19/19 MP: 2/10
   875 | D:2      | Learned a level 3 spell: Dazzling Spray
  1208 | D:2      | Found a blossoming altar of Fedhas.
  1441 | D:2      | Found a stormy altar of Qazlal.
  1662 | D:3      | Reached XP level 4. HP: 23/24 MP: 6/12
  1684 | D:2      | Learned a level 4 spell: Iskenderun's Mystic Blast
  1849 | D:3      | Reached skill level 5 in Spellcasting
  2305 | D:3      | Reached XP level 5. HP: 28/28 MP: 10/15
  2416 | D:3      | Learned a level 4 spell: Force Lance
  2469 | D:3      | Found a faded altar of an unknown god.
  2668 | D:3      | Found a sacrificial altar of Ru.
  2829 | D:4      | Reached skill level 6 in Conjurations
  2950 | D:4      | Noticed Eustachio
  2968 | D:4      | Killed Eustachio
  2968 | D:4      | Reached XP level 6. HP: 32/32 MP: 0/17
  2974 | D:4      | Learned a level 4 spell: Fulminant Prism
  3149 | D:4      | Noticed Edmund
  3190 | D:4      | Killed Edmund
  3190 | D:4      | Reached skill level 7 in Conjurations
  3313 | D:4      | Noticed dvd's ghost (amateur GrBe)
  3328 | D:4      | Killed dvd's ghost
  3328 | D:4      | Reached skill level 8 in Conjurations
  3328 | D:4      | Reached XP level 7. HP: 20/36 MP: 0/18
  3673 | D:4      | Reached skill level 9 in Conjurations
  3847 | D:5      | Entered Level 5 of the Dungeon
  4090 | D:5      | Reached XP level 8. HP: 41/41 MP: 6/19
  4093 | D:5      | Reached skill level 10 in Conjurations
  4289 | D:5      | Found a radiant altar of Vehumet.
  4294 | D:5      | Became a worshipper of Vehumet
  5226 | D:5      | Reached skill level 1 in Armour
  5279 | D:6      | Found an opulent altar of Gozag.
  5345 | D:6      | Reached * piety under Vehumet
  5345 | D:6      | Offered knowledge of Flame Tongue by Vehumet.
  5841 | D:6      | Noticed ballsack's ghost (novice OpCj)
  5850 | D:6      | Killed ballsack's ghost
  5850 | D:6      | Reached skill level 5 in Armour
  5850 | D:6      | Reached XP level 9. HP: 9/45 MP: 4/20
  6114 | D:6      | Noticed Menkaure
  6118 | D:6      | Killed Menkaure
  6118 | D:6      | Reached skill level 1 in Fighting
  6453 | D:6      | Found Ziothal's Jewellery Shop.
  6777 | D:6      | Found a deep blue altar of Sif Muna.
  6889 | D:6      | Found a shattered altar of Ashenzari.
  7389 | D:7      | Learned a level 3 spell: Mephitic Cloud
  7739 | D:7      | Reached skill level 5 in Fighting
  7839 | D:7      | Reached ** piety under Vehumet
  7839 | D:7      | Offered knowledge of Freeze by Vehumet.
  8234 | D:7      | Found a staircase to the Ecumenical Temple.
  8243 | Temple   | Entered the Ecumenical Temple
  8691 | D:7      | Reached XP level 10. HP: 48/61 MP: 14/21
  9157 | D:8      | Offered knowledge of Static Discharge by Vehumet.
  9427 | D:8      | Noticed Erica
  9440 | D:8      | Killed Erica
  9666 | D:8      | Gained mutation: Your magical capacity is low. (-10% MP) [mutagenic meat]
  9749 | D:8      | Found a shadowy altar of Dithmenos.
  9992 | D:8      | Reached *** piety under Vehumet
 10685 | D:9      | Reached skill level 5 in Dodging
 10919 | D:9      | Found a staircase to the Lair.
 11077 | D:9      | Found a white marble altar of Elyvilon.
 11105 | D:9      | Noticed Vajrapani's ghost (novice OgEE)
 11115 | D:9      | Killed Vajrapani's ghost
 11253 | D:9      | Offered knowledge of Sticky Flame by Vehumet.
 11481 | D:9      | Found a snail-covered altar of Cheibriados.
 11768 | D:9      | Noticed Maurice
 11775 | D:9      | Killed Maurice
 11775 | D:9      | Reached skill level 1 in Maces & Flails
 11951 | D:9      | Reached XP level 11. HP: 68/68 MP: 6/20
 12084 | Lair:1   | Entered Level 1 of the Lair of Beasts
 12717 | Lair:1   | Found an iron altar of Okawaru.
 13045 | Lair:2   | Reached skill level 11 in Conjurations
 13859 | Lair:2   | Reached **** piety under Vehumet
 13859 | Lair:2   | Reached skill level 12 in Conjurations
 14109 | Lair:2   | Reached skill level 1 in Evocations
 14648 | Lair:3   | Noticed a catoblepas
 14684 | Lair:2   | Killed a catoblepas
 14949 | Lair:3   | Offered knowledge of Venom Bolt by Vehumet.
 14949 | Lair:3   | Reached skill level 5 in Evocations
 15166 | Lair:3   | Noticed a fire crab
 15177 | Lair:3   | Slain by a fire crab

Skill      XL: |  1  2  3  4  5  6  7  8  9 10 11 |
---------------+----------------------------------+-----
Conjurations   | 5 6 8 9 10 12 | 12.1
Spellcasting   | 4 5 6 |  6.5
Armour         | 5 |  5.2
Fighting       | 6 7 |  7.9
Dodging        | 8 |  8.5
Maces & Flails | 2 3 |  3.7
Evocations     | 6 |  6.0
Stealth        | |  2.4

Action                   |  1- 3 |  4- 6 |  7- 9 | 10-12 || total
-------------------------+-------+-------+-------+-------++-------
Melee: Dagger            |     4 |     6 |       |       ||    10
       Dire flail        |       |       |    35 |   186 ||   221
 Cast: Magic Dart        |    62 |    54 |   120 |   182 ||   418
       Searing Ray       |     9 |    13 |    17 |    11 ||    50
       Iskenderun's Myst |       |     2 |    30 |    44 ||    76
       Fulminant Prism   |       |     1 |    28 |    20 ||    49
       Force Lance       |       |       |     5 |     1 ||     6
       Mephitic Cloud    |       |       |       |    10 ||    10
       Dazzling Spray    |       |       |       |     4 ||     4
Evoke: Wand              |       |       |     1 |     4 ||     5
  Use: Scroll            |       |     3 |     7 |     9 ||    19
       Potion            |       |       |       |     2 ||     2
 Stab: Sleeping          |       |     1 |       |       ||     1
  Eat: Chunk             |     2 |     6 |    21 |    27 ||    56
       Fruit             |       |       |     2 |       ||     2
Armor: Robe              |     1 |       |       |       ||     1
       Leather armour    |     6 |     5 |    20 |    10 ||    41
       Ring mail         |       |       |       |    93 ||    93
       Skin              |       |       |       |    10 ||    10
Dodge: Dodged            |     5 |    11 |    40 |   126 ||   182
